 Dungeon Crawl Stone Soup version 0.31-a0-986-g5e6e4ef867 (webtiles) character file.

Game seed: 12056408547004114144

37 Sanktem7 the Digger (level 3, -4/19 HPs)
             Began as a Gargoyle Earth Elementalist on Nov 10, 2023.
             Slain by a gnoll
             ... wielding a +0 halberd
              (16 damage)
             ... on level 2 of the Dungeon.
             The game lasted 00:04:56 (959 turns).

Sanktem7 the Digger (Gargoyle Earth Elementalist)    Turns: 959, Time: 00:04:56

Health: -4/19      AC:  5    Str: 11    XL:     3   Next: 39%
Magic:  4/6        EV: 12    Int: 17    God:
Gold:   32         SH:  0    Dex: 10    Spells: 2/6 levels left

rFire   . . .        i - +0 dagger {short}
rCold   . . .        (no shield)
rNeg    + . .        a - +0 robe rPois โˆž
                     (no helmet)
rElec   +            (no cloak)
rCorr   .            (no gloves)
SInv    .            (no boots)
Will    .....        (no amulet)
Stlth   ++           (no ring)
HPRegen 0.23/turn    (no ring)
MPRegen 0.10/turn

%: no passive effects
@: no status effects
A: sickness immunity, AC +3, negative energy resistance 1, electricity
resistance, torment resistance 1, petrification resistance
a: no special abilities


You were on level 2 of the Dungeon.
You visited 1 branch of the dungeon, and saw 2 of its levels.

You collected 32 gold pieces.


Innate Abilities, Weirdness & Mutations

You are immune to sickness and miasma.
Your stone body is resilient. (AC +3)
You are immune to poison.
You resist negative energy. (rN+)
You are resistant to electric shocks. (rElec)
You are resistant to unholy torment.
You are immune to petrification.


   Skills:
 + Level 1.9 Dodging
 + Level 2.6 Stealth
 + Level 2.2 Spellcasting
 + Level 1.1 Transmutations
 * Level 4.3 Earth Magic


You had 2 spell levels left.
You knew the following spells:

 Your Spells              Type           Power      Damage    Failure   Level
a - Sandblast             Erth           32%        2d9       3%          1
b - Stone Arrow           Conj/Erth      18%        3d8       24%         3

Your spell library contained the following spells:

 Spells                   Type           Power      Damage    Failure   Level
 Passwall                 Tmut/Erth      9%         N/A       10%         2
 Hailstorm                Conj/Ice       1%         3d3       50%         3
 Petrify                  Tmut/Erth      11%        N/A       52%         4
 Brom's Barrelling Bould  Conj/Erth      9%         2d3       61%         4
 Summon Ice Beast         Ice/Summ       1%         N/A       88%         4
 Simulacrum               Ice/Necr       0%         N/A       100%        6

Inventory:

Hand Weapons
 i - a +0 dagger (weapon) {short}
   (You took it off a goblin on level 1 of the Dungeon)
Missiles
 d - 20 stones {throwing}
 j - 4 poisoned darts {throwing}
Armour
 a - a +0 robe (worn)
Scrolls
 g - a scroll of identify {unknown}
 h - 2 scrolls of butterflies {unknown}
 l - a scroll of immolation {unknown}
Potions
 b - a potion of magic
 c - a potion of haste {unknown}
 e - a potion of enlightenment {unknown}
 f - a potion of resistance {unknown}

Dungeon Overview and Level Annotations

Branches:
Dungeon (2/15) Zot: 11027

Altars:

#.........#.#
+.........#.#
#.........#.######
##.########.##...#
#.# #.##.#.# #g#
#####.##.#.# #g#
#........#.# #)#
#.###.####.# #@# #.#
#.# #.# ### #.# #.#
#.## ## #.# #.# #...
#.# #.# #.# #.## ..
...##.###.#######
#...#.#......#......
#.....######.#####
#...#.#......#.# ..
...#.####.#.#


You could see 2 gnolls.


Message History

The blast of sand hits the goblin.
You kill the goblin!
The kobold throws a stone.
The stone closely misses you. ๐Ÿ˜Ž MP[-1]
You lost 1 mp, and now have 2/6 mp.
Casting: Sandblast (safe; 3% risk of failure)
Confirm with . or Enter, or press ? or * to list all spells.
Aiming: Sandblast (safe; 3% risk of failure)
Press: ? - help, Shift-Dir - straight line, f - kobold
Aim: a kobold, wielding a +0 dagger and quivering stones (77% to hit)
The blast of sand hits the kobold!
You kill the kobold! ๐Ÿ˜Ž MP[-1]
You lost 1 mp, and now have 1/6 mp.
Items here: ))) โ€ โ€ .
d - 11 stones {throwing} (gained 3)
You see here a +0 dagger {short}.
c - a purple potion ๐Ÿ˜Ž MP[+1] This spell is astonishingly dangerous to cast!
You start memorising the spell.
You continue memorising. x3
You finish memorising.
Spell assigned to 'b'. ๐Ÿ˜Ž MP[+1]
You pick up a book of the Tundra and begin reading...
You add the spells Hailstorm, Summon Ice Beast and Simulacrum to your library. ๐Ÿ˜Ž MP[+1] ๐Ÿ˜Ž MP[+1]
e - a fuming orange potion ๐Ÿ˜Ž MP[+1]
Your mp is fully restored (6).
A rat comes into view.
Casting: Sandblast (safe; 3% risk of failure)
Confirm with . or Enter, or press ? or * to list all spells.
Aiming: Sandblast (safe; 3% risk of failure)
Press: ? - help, Shift-Dir - straight line, f - rat
Aim: a rat (82% to hit)
The blast of sand hits the rat.
The rat closely misses you. ๐Ÿ˜Ž MP[-1]
You lost 1 mp, and now have 5/6 mp.
Casting: Sandblast (safe; 3% risk of failure)
Confirm with . or Enter, or press ? or * to list all spells.
Okay, then.
Casting: Stone Arrow (astonishingly dangerous; 24% risk of failure)
Confirm with . or Enter, or press ? or * to list all spells.
Aiming: Sandblast (safe; 3% risk of failure)
Press: ? - help, Shift-Dir - straight line, f/p - rat
Aim: a rat (moderately wounded, 82% to hit)
The blast of sand hits the rat.
You kill the rat! ๐Ÿ˜Ž MP[-1]
You lost 1 mp, and now have 4/6 mp. ๐Ÿ˜Ž MP[+1]
d - 16 stones {throwing} (gained 5) ๐Ÿ˜Ž MP[+1]
Your mp is fully restored (6).
d - 20 stones {throwing} (gained 4)
You see here a +0 dagger {short}.
You now have 32 gold pieces (gained 7).
Things that are here:
a +0 short sword {short}; a +0 dagger {short}; a +0 dagger {short}
Items here: ))) รทรท.
There is an escape hatch in the floor here.
Done exploring.
There is an escape hatch in the floor here.
There is an open door here.
Search for what [? for help]?
D
There is an escape hatch in the floor here.
There is an open door here.
There is a stone staircase leading down here.
You climb downwards.
The gnoll hits you with a +0 club.
A gnoll comes into view. It is wielding a +0 club.
There is a stone staircase leading up here. ๐Ÿ˜• HP[-4]
You take 4 damage, and now have 15/19 hp.
MASSIVE DAMAGE!! (PAUSE)
Casting: Sandblast (safe; 3% risk of failure)
Confirm with . or Enter, or press ? or * to list all spells.
Aiming: Sandblast (safe; 3% risk of failure)
Press: ? - help, Shift-Dir - straight line, f - gnoll
Aim: a gnoll, wielding a +0 club (84% to hit)
The blast of sand hits the gnoll!
The gnoll shouts!
The gnoll hits you with a +0 club. ๐Ÿ˜ฎ HP[-3] MP[-1]
You take 3 damage, and now have 12/19 hp.
You lost 1 mp, and now have 5/6 mp.
Casting: Sandblast (safe; 3% risk of failure)
Confirm with . or Enter, or press ? or * to list all spells.
Aiming: Sandblast (safe; 3% risk of failure)
Press: ? - help, Shift-Dir - straight line, f/p - gnoll
Aim: a gnoll, wielding a +0 club (severely wounded, 84% to hit)
The blast of sand hits the gnoll!
You kill the gnoll!
The gnoll closely misses you.
The gnoll barely misses you. ๐Ÿ˜ฎ MP[-1]
You lost 1 mp, and now have 4/6 mp.
You can't go down here!
The gnoll hits you from afar with a +0 halberd!
Ouch! That really hurt!
You die...

Skill      XL: |  1 |
---------------+----+-----
Transmutations | 1 |  1.1
Earth Magic    | 4 |  4.3
Dodging        | |  1.9
Stealth        | |  2.6
Spellcasting   | |  2.2

Action                     || total
---------------------------++-------
  Melee: Unarmed           ||     2
   Cast: Sandblast         ||    24
 Armour: Robe              ||    10
  Dodge: Dodged            ||     8

Levels and vault maps discovered:
D:1:      dpeg_arrival_long_road, layout_loops_ring, dreamdust_princess_bridge
D:2:      minmay_spotlight, layout_basic, corner_web_ring

Notes
Turn   | Place    | Note
-------+----------+-------------------------------------------
     0 | D:1      | Sanktem7 the Gargoyle Earth Elementalist began the quest
                  | for the Orb.
     0 | D:1      | Reached XP level 1. HP: 10/10 MP: 3/3
     0 | D:1      | magus.rc [v1.9.6]
    95 | D:1      | You fall into a shaft and drop 1 floor!
   228 | D:2      | HP: 2/10 [gnoll/+0 spear (6)]
   230 | D:2      | Reached skill level 1 in Transmutations
   230 | D:2      | Reached skill level 4 in Earth Magic
   230 | D:2      | Reached XP level 2. HP: 4/15 MP: 0/5
   605 | D:1      | Reached XP level 3. HP: 19/19 MP: 3/6
   618 | D:1      | Learned a level 3 spell: Stone Arrow
   631 | D:1      | You pick up a book of the Tundra and begin reading...
   631 | D:1      | You add the spells Hailstorm, Summon Ice Beast and
                  | Simulacrum to your library.
   959 | D:2      | Slain by a gnoll

Vanquished Creatures
  2 gnolls (D:2)
  A bat (D:1)
  3 endoplasms (D:1)
  4 goblins (D:1)
  A hobgoblin (D:1)
  A quokka (D:1)
  4 kobolds (D:1)
  A rat (D:1)
17 creatures vanquished.

Table legend:
 A = Non-vault XP
 B = Vault XP
 C = Vault XP percentage of total XP
 D = Non-vault monster count
 E = Vault monster count
 F = Vault count percentage of total count
                 A         B        C        D         E       F
            +---------+---------+-------+---------+---------+-------
      Total |      53 |       0 |   0.0 |      17 |       0 |   0.0
            +---------+---------+-------+---------+---------+-------
        D:1 |      25 |       0 |   0.0 |      15 |       0 |   0.0
        D:2 |      28 |       0 |   0.0 |       2 |       0 |   0.0
            +---------+---------+-------+---------+---------+-------

Skill      XL: |  1 |
---------------+----+-----
Transmutations | 1 |  1.1
Earth Magic    | 4 |  4.3
Dodging        | |  1.9
Stealth        | |  2.6
Spellcasting   | |  2.2

Action                     || total
---------------------------++-------
  Melee: Unarmed           ||     2
   Cast: Sandblast         ||    24
 Armour: Robe              ||    10
  Dodge: Dodged            ||     8

Illustrated notes

Table legend:
 A = Kills in this place as a percentage of kills in the entire game.
 B = Kills by you in this place as a percentage of kills by you in the entire game.
 C = Kills by friends in this place as a percentage of kills by friends in the entire game.
 D = Other kills in this place as a percentage of other kills in the entire game.
 E = Experience gained in this place as a percentage of experience gained in the entire game.
 F = Experience gained in this place divided by the number of levels of this place that you have seen.
                   A       B       C       D       E      F
               +-------+-------+-------+-------+-------+----------------------
         Total | 100.0 | 100.0 |   N/A |   N/A | 100.0 |  26.5
       Dungeon | 100.0 | 100.0 |   N/A |   N/A | 100.0 |  26.5
               +-------+-------+-------+-------+-------+----------------------

Table legend: (Time is in decaauts)
 A = Elapsed time spent in this place.
 B = Non-inter-level travel time spent in this place.
 C = Inter-level travel time spent in this place.
 D = Time resting spent in this place.
 E = Time spent auto-exploring this place.
 F = Levels seen in this place.
 G = Mean time per level.
                   A        B        C        D        E       F      G
               +--------+--------+--------+--------+--------+-----+--------+
         Total |    971 |    927 |     44 |     69 |    215 |   2 |  485.5 |
       Dungeon |    971 |    927 |     44 |     69 |    215 |   2 |  485.5 |
               +--------+--------+--------+--------+--------+-----+--------+

Top non-repeatable levels by time:
     D:1: 820 daAuts
     D:2: 150 daAuts
